 Dungeon Crawl Stone Soup version 0.31-a0-1-g4198be8af4 (webtiles) character file.

Game seed: 8431352891018557730

200 bmack86 the Covered (level 5, -1/47 HPs)
             Began as a Minotaur Fighter on May 2, 2023.
             Slain by an orc wizard
             ... wielding a +0 dagger
              (2 damage)
             ... on level 4 of the Dungeon.
             The game lasted 00:06:09 (2337 turns).

bmack86 the Covered (Minotaur Fighter)              Turns: 2337, Time: 00:06:09

Health: -1/47      AC:  8    Str: 22    XL:     5   Next: 48%
Magic:  4/4        EV: 14    Int:  5    God:
Gold:   210        SH:  0    Dex:  5    Spells: 4/4 levels left

rFire   . . .        a - +0 war axe
rCold   + . .        c - +0 buckler
rNeg    + . .        b - +0 scale mail
rPois   .            (helmet restricted)
rElec   .            (no cloak)
rCorr   +            h - +0 pair of gloves
SInv    .            (no boots)
Will    .....        t - amulet of the acrobat Stlth
                     p - ring "Xetecor" {rC+ rN+ rCorr EV+5 Dex-5}
HPRegen 0.27/turn    (no ring)
MPRegen 0.09/turn

%: acrobat
@: confused
A: horns 2, retaliatory headbutt
a: no special abilities


You were on level 4 of the Dungeon.
You visited 1 branch of the dungeon, and saw 4 of its levels.

You collected 210 gold pieces.

Inventory:

Hand Weapons
 a - a +0 war axe (weapon)
Missiles
 g - 2 boomerangs (quivered)
 j - 4 poisoned darts
 k - 6 javelins
Armour
 b - a +0 scale mail (worn)
 c - a +0 buckler (worn)
 h - a +0 pair of gloves (worn)
Jewellery
 p - the ring "Xetecor" (left hand) {rC+ rN+ rCorr EV+5 Dex-5}
   (You found it on level 2 of the Dungeon)

   [ring of evasion]

   EV:        It affects your evasion (+5).
   Dex:       It affects your dexterity (-5).
   rC:        It protects you from cold.
   rN:        It protects you from negative energy.
   rCorr:     It protects you from acid and corrosion.
 t - an amulet of the acrobat (around neck)
 u - a ring of fire
Scrolls
 n - a scroll of torment
 o - a scroll of teleportation {unknown}
 s - a scroll of vulnerability {unknown}
 w - a scroll of blinking {unknown}
Potions
 d - a potion of might
 e - a potion of ambrosia {unknown}
 f - a potion of invisibility {unknown}
 i - a potion of degeneration {unknown}
 l - 3 potions of heal wounds
 m - 2 potions of resistance
 q - a potion of haste {unknown}
 r - a potion of mutation {unknown}
 v - a potion of curing {unknown}


   Skills:
 + Level 4.4 Fighting
 * Level 4.4 Axes
 + Level 1.7 Throwing
 + Level 4.6 Armour
 + Level 4.5 Shields


You had 4 spell levels left.
You didn't know any spells.
Your spell library contained the following spells:

 Spells                   Type           Power      Damage    Failure   Level
 Kiss of Death            Conj/Necr      0%         2d5       85%         1
 Slow                     Hex            0%         N/A       85%         1
 Confusing Touch          Hex            0%         N/A       99%         3
 Ozocubu's Armour         Ice            0%         N/A       99%         3
 Vampiric Draining        Necr           0%         2d6       99%         3
 Dispel Undead            Necr           0%         3d6       100%        4
 Ozocubu's Refrigeration  Ice            0%         4d7       100%        7


Dungeon Overview and Level Annotations

Branches:
Dungeon (4/15)
 Temple: D:4-7

Altars:
Gozag
Ru


Innate Abilities, Weirdness & Mutations

You have a pair of horns on your head.
You reflexively headbutt those who attack you in melee.


Message History

The adder barely misses you.
You hear some strange, mumbled words.
You are confused.
The iguana bites you.
The orc priest hits you with a +0 falchion.
The orc priest hits you but does no damage.
The iguana completely misses you. The adder closely misses you.
Unknown command.
The orc priest completely misses you. The adder completely misses you.
The adder attacks as you move away! The adder completely misses you.
The iguana attacks as you move away! The iguana completely misses you.
The orc priest completely misses you.
A magic dart appears from out of thin air!
The magic dart hits you.
Unknown command.
You closely miss the iguana. You barely miss the orc priest.
You miss the adder. The adder barely misses you.
The orc priest closely misses you. The iguana barely misses you.
The adder bites you but does no damage.
The orc priest mumbles some strange prayers to Beogh against you.
Beogh smites you! The iguana bites you!
* * * LOW HITPOINT WARNING * * *
You hear some strange, mumbled words.
A magic dart appears from out of thin air!
The magic dart hits you.
* * * LOW HITPOINT WARNING * * *
You miss the adder.
The adder is severely wounded.
You hit something.
You hit the orc priest but do no damage.
You barely miss the iguana. The adder bites you but does no damage.
You hear some strange, mumbled words.
A puff of flame appears from out of thin air!
The puff of flame misses you. The iguana closely misses you.
The orc priest mumbles some strange prayers to Beogh against you.
Pain shoots through your body!
* * * LOW HITPOINT WARNING * * *
The adder misses you. Something hits you.
You die...

########### ###
..........#### ....
.............##.....
........{@..<.......
.......)oSl.........
........).....:.....
...............###.$
...............# .
...........##.....
.[..........#......
......#.....#......
......#.....[......


You could see an iguana, an orc priest and an adder.

Vanquished Creatures
  A sky beast (D:3)
  Jessica (D:2)
  Robin (D:3)
  An adder (D:2)
  3 orcs (D:4)
  3 ball pythons
  2 endoplasms
  7 hobgoblins
  6 jackals
  A quokka (D:2)
  3 bats
  10 frilled lizards
  11 goblins
  2 kobolds (D:2)
  8 rats
60 creatures vanquished.

Vanquished Creatures (others)
  3 plants (D:3)
3 creatures vanquished.

Grand Total: 63 creatures vanquished

Notes
Turn   | Place    | Note
-------+----------+-------------------------------------------
     0 | D:1      | bmack86 the Minotaur Fighter began the quest for the Orb.
     0 | D:1      | Reached XP level 1. HP: 19/19 MP: 0/0
    28 | D:1      | Found a faded altar of an unknown god.
   378 | D:1      | Reached XP level 2. HP: 27/27 MP: 1/1
   820 | D:2      | Reached XP level 3. HP: 33/33 MP: 2/2
   871 | D:2      | Identified the ring "Xetecor" {rC+ rN+ rCorr EV+5 Dex-5}
   901 | D:2      | Noticed Jessica
   904 | D:2      | Killed Jessica
   905 | D:2      | Reached skill level 1 in Throwing
   950 | D:2      | Found an opulent altar of Gozag.
  1281 | D:3      | Noticed Robin
  1292 | D:3      | Reached XP level 4. HP: 29/40 MP: 3/3
  1298 | D:3      | Killed Robin
  1475 | D:3      | Noticed a sky beast
  1489 | D:3      | Killed a sky beast
  1490 | D:3      | Reached XP level 5. HP: 19/47 MP: 4/4
  1849 | D:3      | Found a sacrificial altar of Ru.
  2141 | D:3      | Identified the +6 dagger of Fenal {venom, *Rage Fragile
                  | rPois Stlth+}
  2336 | D:4      | HP: 1/47 [orc priest/nerve-wracking pain (5)]
  2337 | D:4      | Slain by an orc wizard

Illustrated notes

Levels and vault maps discovered:
D:1:      minmay_arrival_wavy_path, layout_loops_cross,
          ebering_ecumenical_altar_sacrificial
D:2:      layout_loops_ring, basic_altar, reono_crystal_passage, uniq_jessica
D:3:      layout_basic, nicolae_ru_path_of_blood, grunt_ministairs_13,
          chequers_garden, minmay_lizard_king, uniq_robin
D:4:      layout_basic

Skill      XL: |  1  2  3  4 |
---------------+-------------+-----
Axes           | 3 4 |  4.4
Armour         | 4 |  4.6
Shields        | 4 |  4.5
Fighting       | 4 |  4.4
Throwing       | 1 |  1.7

Action                     |  1- 3 |  4- 6 || total
---------------------------+-------+-------++-------
  Melee: War axe           |    62 |    64 ||   126
         Headbutt          |    11 |     6 ||    17
  Throw: Boomerang         |     4 |       ||     4
    Use: Scroll            |     2 |     4 ||     6
 Armour: Scale mail        |    33 |    35 ||    68
  Dodge: Dodged            |    38 |    97 ||   135
  Block: Buckler           |    10 |    22 ||    32

Table legend: (Time is in decaauts)
 A = Elapsed time spent in this place.
 B = Non-inter-level travel time spent in this place.
 C = Inter-level travel time spent in this place.
 D = Time resting spent in this place.
 E = Time spent auto-exploring this place.
 F = Levels seen in this place.
 G = Mean time per level.
                   A        B        C        D        E       F      G
               +--------+--------+--------+--------+--------+-----+--------+
         Total |   2381 |   2284 |     97 |    133 |   1538 |   4 |  595.2 |
       Dungeon |   2381 |   2284 |     97 |    133 |   1538 |   4 |  595.2 |
               +--------+--------+--------+--------+--------+-----+--------+

Top non-repeatable levels by time:
     D:3: 1056 daAuts
     D:1: 651 daAuts
     D:2: 651 daAuts
     D:4: 23 daAuts
